 Dungeon Crawl Stone Soup version 0.16-a0-3911-g06eb01e (webtiles) character file.

123 Absynth the Grave Robber (level 4, -9/30 HPs)
             Began as a Mummy Necromancer on Feb 3, 2015.
             Killed from afar by an orc wizard (12 damage)
             ... with a puff of flame
             ... on level 2 of the Dungeon.
             The game lasted 00:10:07 (2276 turns).

Absynth the Grave Robber (Mummy Necromancer)        Turns: 2276, Time: 00:10:09

Health: -9/30      AC:  6    Str: 11    XL:     4   Next: 80%
Magic:  4/10       EV: 12    Int: 15    God:
Gold:   112        SH:  0    Dex: 12    Spells: 4 memorised, 1 level left

rFire  x . .     SeeInvis .     c - +0 short sword
rCold  + . .     Clarity  .     a - +0 robe
rNeg   + + +     SustAb   .     (no shield)
rPois  ∞         Gourm    .     (no helmet)
rElec  .         Spirit   .     g - +0 cloak
rCorr  .         Warding  .     j - +2 pair of gloves
rMut   .         Stasis   .     (no boots)
MR     .....                    (no amulet)
Stlth  ++........               (no ring)
                                (no ring)

@: slowed, very slow, not resistant to hostile enchantments, unstealthy
A: no food or potions, fire vulnerability, restore body, cold resistance 1,
negative energy resistance 3, poison resistance, torment resistance, unbreathing
a: no special abilities


You were on level 2 of the Dungeon.
You were not hungry.

You visited 1 branch of the dungeon, and saw 3 of its levels.

You collected 112 gold pieces.

Inventory:

Hand weapons
 c - a +0 short sword (weapon)
Armour
 a - a +0 robe (worn)
 g - a +0 cloak (worn)
 j - a +2 pair of gloves (worn)
Jewellery
 k - a cursed +3 ring of strength {unknown}
Scrolls
 d - 2 scrolls of identify {unknown}
 e - 2 scrolls of remove curse {unknown}
 f - a scroll of amnesia {unknown}
 h - a scroll of noise {unknown}
 i - a scroll of teleportation {unknown}
Books
 b - a book of Necromancy

   Spells                             Type                      Level
   a - Pain                           Necromancy                   1
   b - Animate Skeleton               Necromancy                   1
   c - Vampiric Draining              Necromancy                   3
   d - Regeneration                   Charms/Necromancy            3
   e - Animate Dead                   Necromancy                   4
   f - Control Undead                 Necromancy                   4


   Skills:
 - Level 1.5 Dodging
 - Level 1.5 Stealth
 + Level 3.6 Spellcasting
 + Level 5.1 Necromancy


You had one spell level left.
You knew the following spells:

 Your Spells              Type           Power        Failure   Level  Hunger
a - Pain                  Necr           ###.         1%          1    N/A
d - Animate Dead          Necr           N/A          24%         4    N/A
v - Vampiric Draining     Necr           ###.......   10%         3    N/A
z - Animate Skeleton      Necr           N/A          1%          1    N/A

Dungeon Overview and Level Annotations

Branches:
Dungeon (3/15)

Altars:


Innate Abilities, Weirdness & Mutations

You do not eat or drink.
Your flesh is vulnerable to fire.
Your flesh is cold resistant.
You are immune to negative energy.
Your system is resistant to poisons.
You are immune to unholy pain and torment.
You can survive without breathing.


Message History

You hear some strange, mumbled words.
A puff of flame appears from out of thin air!
The puff of flame hits you! The fire burns you terribly!
You hit something. Something hits you.
* * * LOW HITPOINT WARNING * * *
Something hits you.
* * * LOW HITPOINT WARNING * * *
You miss something.
You hear some strange, mumbled words.
The magic dart hits you! Something hits you but does no damage.
You miss something. Something hits you but does no damage.
You miss something. Something hits you but does no damage. Something hits you.
* * * LOW HITPOINT WARNING * * *
You swap places.
Something hits your giant newt skeleton.
Your giant newt skeleton is destroyed!
You hear some strange, mumbled words.
A puff of flame appears from out of thin air!
The puff of flame hits you! The fire burns you terribly!
You die...

#.# #............. #.#
#.##.####.#### #.#
##.#.#.###.# #.#
##Z..###.##.#### #.#
####Z.............. #.##
#ZZ>ZZZ...###...... #..#
#{##ZZ...###)#..### ##.#
##.###...###.##..# #.#
#.Z@....#.#.###..### #.#
##..#######.## #...ZZ #)#
#..........## ##.### #Z#
#...######.# #.# #.#
#...## #.######%### #.#
#....# #.##..%...ZZ #.#
#..#.#####.##.....### #.#
#..........Z.Z.#..#
#.###..........##.##..###


You could see a friendly giant newt skeleton and a friendly giant gecko
skeleton.

Vanquished Creatures
  Terence (D:2)
  3 adders (D:2)
  A giant mite (D:1)
  A worm (D:2)
  2 giant geckos
  An orc (D:3)
  5 bats
  2 giant cockroaches
  2 goblins (D:1)
  11 hobgoblins
  3 jackals (D:2)
  A quokka (D:2)
  3 giant newts
  7 kobolds
  7 rats
50 creatures vanquished.

Vanquished Creatures (collateral kills)
  Ijyb (D:2)
  A bat (D:1)
  A goblin (D:1)
  A giant newt (D:2)
4 creatures vanquished.

Vanquished Creatures (others)
  2 bat skeletons (D:1)
  A giant newt skeleton (D:2)
  A kobold skeleton (D:2)
4 creatures vanquished.

Grand Total: 58 creatures vanquished

Notes
Turn   | Place    | Note
--------------------------------------------------------------
     0 | D:1      | Absynth, the Mummy Necromancer, began the quest for the Orb.
     0 | D:1      | Reached XP level 1. HP: 13/13 MP: 3/3
   382 | D:1      | Reached XP level 2. HP: 13/19 MP: 0/5
   445 | D:1      | Learned a level 1 spell: Animate Skeleton
   719 | D:1      | Reached XP level 3. HP: 22/24 MP: 6/6
  1086 | D:2      | Noticed Terence
  1104 | D:2      | Killed Terence
  1603 | D:2      | Reached XP level 4. HP: 30/30 MP: 5/9
  1703 | D:2      | Noticed Ijyb
  1730 | D:2      | Killed Ijyb
  1730 | D:2      | Reached skill level 5 in Necromancy
  1768 | D:2      | Learned a level 3 spell: Vampiric Draining
  1773 | D:2      | Learned a level 4 spell: Animate Dead
  2276 | D:2      | Killed from afar by an orc wizard

Action                   |  1- 3 |  4- 6 || total
-------------------------+-------+-------++-------
Melee: Short sword       |    73 |    47 ||   120
       Unarmed           |     8 |       ||     8
 Cast: Pain              |    50 |    20 ||    70
       Animate Skeleton  |    13 |     5 ||    18
       Vampiric Draining |       |     2 ||     2
 Stab: Distracted        |     1 |       ||     1
       Sleeping          |       |     1 ||     1
